 Dungeon Crawl Stone Soup version 0.29.1-15-g9cfb28693d (webtiles) character file.

Game seed: 14338124561335665115

103 happimess2 the Trooper (level 4, -2/41 HPs)
             Began as a Hill Orc Fighter on Apr 28, 2023.
             Slain by Grinder (7 damage)
             ... on level 3 of the Dungeon.
             The game lasted 00:10:02 (1938 turns).

happimess2 the Trooper (Hill Orc Fighter)           Turns: 1938, Time: 00:10:03

Health: -2/41      AC:  7    Str: 20    XL:     4   Next: 79%
Magic:  4/4        EV: 13    Int:  8    God:
Gold:   82         SH:  4    Dex: 10    Spells: 3/3 levels left

rFire   . . .      SeeInvis .   a - +0 war axe
rCold   . . .      Faith    .   c - +0 buckler
rNeg    . . .      Spirit   .   b - +0 scale mail
rPois   +          Reflect  .   (no helmet)
rElec   .          Harm     .   (no cloak)
rCorr   .          Rampage  .   (no gloves)
Will    .....                   (no boots)
Stlth   ..........              k - amulet of regeneration
HPRegen 0.93/turn               e - ring of poison resistance
MPRegen 0.09/turn               s - +4 ring of evasion

@: mighty, studying Shields
A: no striking features
a: no special abilities


You were on level 3 of the Dungeon.
You visited 1 branch of the dungeon, and saw 4 of its levels.

You collected 82 gold pieces.

Inventory:

Hand Weapons
 a - a +0 war axe (weapon)
 i - a +0 long sword
Armour
 b - a +0 scale mail (worn)
 c - a +0 buckler (worn)
 t - an orb of wrath
Magical Staves
 q - a staff of earth
Jewellery
 e - a ring of poison resistance (left hand)
 k - an amulet of regeneration (around neck)
 s - a +4 ring of evasion (right hand)
Scrolls
 f - 2 scrolls of teleportation {unknown}
 g - 3 scrolls of magic mapping {unknown}
 l - 5 scrolls of identify {unknown}
 n - a scroll of fog {unknown}
 p - 2 scrolls of amnesia {unknown}
 r - a scroll of immolation {unknown}
Potions
 h - 3 potions of heal wounds {unknown}
 j - a potion of resistance {unknown}
 m - 4 potions of curing {unknown}
 o - a potion of invisibility {unknown}
 u - a potion of lignification {unknown}


   Skills:
 * Level 4.9 Fighting
 * Level 4.5 Axes
 + Level 3.9 Armour
 - Level 3.2 Shields


You had 3 spell levels left.
You didn't know any spells.
Your spell library contained the following spells:

 Spells                   Type           Power      Damage    Failure   Level
 Magic Dart               Conj           0%         1d3       85%         1
 Slow                     Hex            0%         N/A       85%         1
 Call Imp                 Summ           0%         N/A       94%         2
 Confusing Touch          Hex            0%         N/A       99%         3
 Mephitic Cloud           Conj/Pois/Air  0%         N/A       99%         3
 Vampiric Draining        Necr           0%         2d6       99%         3


Dungeon Overview and Level Annotations

Branches:
Dungeon (4/15)
 Temple: D:4-7

Altars:
Makhleb
The Shining One

Annotations:
D:3 2 transporters, 0gre's ghost, amateur GnIE; Grinder


Message History

Grinder gestures at you. Pain shoots through your body!
You completely miss Grinder.
Grinder is moderately wounded.
Grinder says, "Wait up."
Grinder closely misses you.
Unknown command.
You barely miss Grinder.
Grinder is moderately wounded.
You block Grinder's attack.
Grinder says, "Tell me all your secrets, or I'll kill you."
Grinder gestures at you.
You barely resist.
Unknown command.
Unknown command.
You slash Grinder!
Grinder is severely wounded.
Grinder blinks!
Grinder blinks!
Found a transporter.
A bat comes into view.
You barely miss Grinder.
Grinder is severely wounded.
Grinder hits you.
You closely miss Grinder.
Grinder is severely wounded.
Grinder completely misses you. The bat barely misses you.
You slash Grinder!
Grinder is almost dead.
You miss the bat. You block the bat's attack.
Grinder grins, showing sharp teeth.
Grinder gestures at you. Pain shoots through your body!
You block the bat's attack. Grinder hits you!
* * * LOW HITPOINT WARNING * * *
You writhe in agony.
* * * LOW HITPOINT WARNING * * *
You barely miss Grinder.
Grinder is almost dead.
You closely miss the bat.
The bat closely misses you. x2; Grinder hits you!
You die...

.....#.. . #....##..#... .....#..
.. .........#.Z# # ###..#.. .#.##
.........#..#8#.#8#..#..
....###...........#..........Z#..
.#.#.. ..........©#..... ....)#©.
....# #..........#.Z.. ....$#..
.#.## #.......b5.#..# #8#..#..
....# #........@.#..###.###..#..
.#.## #..........#Z..........#..
....# #..........#©..........#..
.#.## #..........#############..
....####.####<)..................
.#.#.....# ####.........[.......
###...5..# ###########....#..
##......### #....### #.........#
#....#


You could see Grinder, a centaur zombie, a bat and a bullfrog skeleton.

Vanquished Creatures
  An iguana (D:3)
  2 adders
  2 worms (D:3)
  2 dart slugs
  5 endoplasms
  2 giant cockroaches
  4 goblins
  5 hobgoblins
  2 jackals (D:3)
  3 kobolds
  4 quokkas
  4 ball pythons
  7 bats
  2 frilled lizards (D:1)
  A rat (D:1)
46 creatures vanquished.

Notes
Turn   | Place    | Note
-------+----------+-------------------------------------------
     0 | D:1      | happimess2 the Hill Orc Fighter began the quest for the
                  | Orb.
     0 | D:1      | Reached XP level 1. HP: 19/19 MP: 1/1
   369 | D:1      | Reached XP level 2. HP: 27/27 MP: 2/2
   648 | D:2      | You fall into a shaft and drop 1 floor!
   668 | D:3      | Reached XP level 3. HP: 31/33 MP: 3/3
   780 | D:3      | Reached XP level 4. HP: 16/41 MP: 4/4
  1046 | D:3      | Found a glowing golden altar of the Shining One.
  1047 | D:3      | Found a burning altar of Makhleb.
  1719 | D:3      | Noticed 0gre's ghost (amateur GnIE)
  1719 | D:3      | Found a transporter.
  1804 | D:3      | Noticed Grinder
  1843 | D:3      | Paralysed by Grinder for 5 turns
  1920 | D:3      | Paralysed by Grinder for 3 turns
  1933 | D:3      | Found a transporter.
  1938 | D:3      | Slain by Grinder

Illustrated notes

Levels and vault maps discovered:
D:1:      wander_arrival_fairy_ring, layout_loops_cross
D:2:      layout_loops_ring
D:3:      layout_basic, mainiacjoe_overflow_divided_tiny,
          gammafunk_ghost_mausoleum, minmay_crystal_water, st_stairs_11,
          grunt_ministairs_15, nicolae_titane, uniq_grinder
D:4:      layout_layer_cave

Skill      XL: |  1  2  3 |
---------------+----------+-----
Axes           | 3 4 |  4.5
Fighting       | 4 |  4.9
Armour         | |  3.9
Shields        | |  3.2

Action                   |  1- 3 |  4- 6 || total
-------------------------+-------+-------++-------
Melee: War axe           |    81 |    88 ||   169
  Use: Potion            |       |     1 ||     1
Armor: Scale mail        |    41 |    36 ||    77
Dodge: Dodged            |    33 |    45 ||    78
Block: Buckler           |    19 |    17 ||    36
